 Dungeon Crawl Stone Soup version 0.31-a0-986-g5e6e4ef867 (webtiles) character file.

Game seed: 5186608934530137483

340 wildpjah the Ruffian (level 6, -7/47 HPs)
             Began as a Gnoll Shapeshifter on Nov 16, 2023.
             Succumbed to a hornet's poison
             ... on level 4 of the Dungeon on Nov 17, 2023.
             The game lasted 00:04:50 (1405 turns).

wildpjah the Ruffian (Gnoll Shapeshifter)           Turns: 1405, Time: 00:04:51

Health: -7/47      AC:  2    Str: 16    XL:     6   Next: 56%
Magic:  9/9        EV: 13    Int:  9    God:
Gold:   116        SH:  0    Dex: 11    Spells: 9/9 levels left

rFire   . . .        p - +2 war axe
rCold   . . .        (no shield)
rNeg    . . .        a - +0 animal skin
rPois   .            (helmet currently unavailable)
rElec   .            (cloak currently unavailable)
rCorr   .            (gloves currently unavailable)
SInv    .            (boots currently unavailable)
Will    .....        (no amulet)
Stlth   ++           (no ring)
HPRegen 0.27/turn    (no ring)
MPRegen 0.11/turn

%: no passive effects
@: lethally poisoned (-7 -> -25), beast-form, slowed, very slow
A: beast (slay +3), fangs 1, strong nose, distributed training
a: Begin Untransformation


You were on level 4 of the Dungeon.
You were a hulking beast.
You visited 2 branches of the dungeon, and saw 5 of its levels.

You collected 116 gold pieces.

Inventory:

Hand Weapons
 e - a +0 hand axe
 p - a +2 war axe (weapon)
Armour
 a - a +0 animal skin (worn)
 g - a +0 pair of boots
Jewellery
 n - a ring of willpower
Talismans
 c - a beast talisman
 d - a flux talisman
Scrolls
 h - a scroll of fear {unknown}
 i - a scroll of teleportation {unknown}
 j - a scroll of revelation {unknown}
 m - a scroll of identify {unknown}
 q - a scroll of enchant weapon {unknown}
Potions
 b - a potion of lignification
 f - a potion of brilliance {unknown}
 k - 2 potions of heal wounds {unknown}
 l - a potion of attraction {unknown}
 o - a potion of curing {unknown}


   Skills:
 + Level 3.3 Fighting
 + Level 2.0 Short Blades
 + Level 2.0 Long Blades
 + Level 2.0 Axes
 + Level 2.0 Maces & Flails
 + Level 2.0 Polearms
 + Level 2.0 Staves
 + Level 2.0 Ranged Weapons
 + Level 2.0 Throwing
 + Level 2.0 Armour
 + Level 5.0 Dodging
 + Level 2.0 Stealth
 + Level 2.0 Shields
 + Level 6.8 Unarmed Combat
 + Level 2.0 Spellcasting
 + Level 1.6 Conjurations
 + Level 1.6 Hexes
 + Level 1.6 Summonings
 + Level 1.6 Necromancy
 + Level 1.6 Translocations
 + Level 1.6 Transmutations
 + Level 1.6 Fire Magic
 + Level 1.6 Ice Magic
 + Level 1.6 Air Magic
 + Level 1.6 Earth Magic
 + Level 1.6 Poison Magic
 + Level 2.2 Invocations
 + Level 2.0 Evocations
 + Level 6.8 Shapeshifting


You had 9 spell levels left.
You didn't know any spells.
Your spell library contained the following spells:

 Spells                   Type           Power      Damage    Failure   Level
 Necrotise                Necr           12%        1d4       17%         1
 Vampiric Draining        Necr           3%         2d6       45%         3
 Agony                    Necr           3%         N/A       99%         5


Dungeon Overview and Level Annotations

Branches:
Dungeon (5/15)             Temple (1/1) D:4

Altars:
Fedhas
Gozag
Hepliaklqana
Nemelex Xobeh
Ru
Sif Muna
Uskayaw
Vehumet
Wu Jian
Yredelemnul
The Shining One

Shops:
D:1 ((?


Innate Abilities, Weirdness & Mutations

You are a hulking beast.
Your limbs bulge with bestial killing power. (Slay +3)
You have very sharp teeth.
Your uncanny sense of smell can sniff out nearby items.
Your experience applies equally to all skills.


Message History

You feel sick.
You feel sick.
You feel sick.
You feel sick.
You feel sick.
You are no longer poisoned.
Found 7 gold pieces.
No reachable target in view!
A jelly is nearby!
A hobgoblin comes into view.
The teleport trap disappears.
The jelly disappears!
You slash the jelly!
You kill the jelly!
Found a stone staircase leading down.
The hornet buzzes angrily.
The hornet barely misses you.
You barely miss the hornet. The hornet stings you!
You feel yourself slow down. The hornet misses you.
You slash the hornet!
The hornet is moderately wounded.
You feel yourself speed up. The hornet misses you. The hornet stings you!
You are poisoned.
You feel yourself slow down. The hornet stings you.
You suddenly lose the ability to move!
You can move again.
You miss the hornet.
The hobgoblin shouts!
Your punch misses the hornet.
The hornet is moderately wounded.
You feel yourself speed up.
* * * LOW HITPOINT WARNING * * *
You feel very sick. The hornet barely misses you. The hornet stings you!
* * * LOW HITPOINT WARNING * * *
You are more poisoned.
You feel yourself slow down. The hornet barely misses you.
You barely miss the hornet. You punch the hornet, but do no damage.
The hornet is moderately wounded.
You die...

##.#.......#.......###......
.. #.......#.....#.##..#....
...####.####....##.##.##....
.....$........###....##....
####...................#....
...............#######......
...............# ###....
.......####y#### ######.....
>...... #h# ###.>........
...g... ##.####...####.###.
.......###.......####.....##
...........g...#..##.8...8.#
##.....####....##..#.......#
..###.........###....._....
####....# ###.......# #....#
#.8...8.# #....# ##.....##


You could see a hornet and a hobgoblin.

Vanquished Creatures
  A scorpion (D:5)
  3 wights (D:4)
  A hound (D:5)
  2 jellies (D:4)
  An adder (D:4)
  5 ball pythons (D:1)
  3 endoplasms (D:1)
  4 hobgoblins (D:1)
  6 bats
  A frilled lizard (D:1)
  2 goblins (D:1)
  4 kobolds
  7 rats
40 creatures vanquished.

Notes
Turn   | Place    | Note
-------+----------+-------------------------------------------
     0 | D:1      | wildpjah the Gnoll Shapeshifter began the quest for the
                  | Orb.
     0 | D:1      | Reached XP level 1. HP: 17/17 MP: 1/1
     7 | D:1      | Found Pesucuotse's Antique Weapon Shoppe.
    28 | D:1      | Found Hathrory's Antique Weapon Boutique.
   129 | D:1      | Reached XP level 2. HP: 23/23 MP: 2/2
   382 | D:1      | Found Rasicil's Magic Scroll Boutique.
   467 | D:1      | Reached XP level 3. HP: 28/28 MP: 3/3
   856 | D:2      | You fall into a shaft and drop 2 floors!
   856 | D:4      | Found a sacrificial altar of Ru.
   882 | D:4      | Noticed a hornet
   887 | D:5      | Entered Level 5 of the Dungeon
   887 | D:5      | Noticed a scorpion
   891 | D:5      | Reached skill level 1 in Short Blades
   891 | D:5      | Reached skill level 1 in Long Blades
   891 | D:5      | Reached skill level 1 in Axes
   891 | D:5      | Reached skill level 1 in Maces & Flails
   891 | D:5      | Reached skill level 1 in Polearms
   891 | D:5      | Reached skill level 1 in Staves
   891 | D:5      | Reached skill level 1 in Ranged Weapons
   891 | D:5      | Reached skill level 1 in Throwing
   891 | D:5      | Reached skill level 1 in Armour
   891 | D:5      | Reached skill level 1 in Stealth
   891 | D:5      | Reached skill level 1 in Shields
   891 | D:5      | Reached skill level 1 in Spellcasting
   891 | D:5      | Reached skill level 1 in Invocations
   891 | D:5      | Reached skill level 1 in Evocations
   891 | D:5      | Reached XP level 4. HP: 34/34 MP: 5/5
   893 | D:5      | Killed a scorpion
   894 | D:5      | Reached skill level 1 in Conjurations
   894 | D:5      | Reached skill level 1 in Hexes
   894 | D:5      | Reached skill level 1 in Summonings
   894 | D:5      | Reached skill level 1 in Necromancy
   894 | D:5      | Reached skill level 1 in Translocations
   894 | D:5      | Reached skill level 1 in Transmutations
   894 | D:5      | Reached skill level 1 in Fire Magic
   894 | D:5      | Reached skill level 1 in Ice Magic
   894 | D:5      | Reached skill level 1 in Air Magic
   894 | D:5      | Reached skill level 1 in Earth Magic
   894 | D:5      | Reached skill level 1 in Poison Magic
   894 | D:5      | Reached XP level 5. HP: 31/40 MP: 5/7
  1022 | D:4      | Found a staircase to the Ecumenical Temple.
  1027 | Temple   | Entered the Ecumenical Temple
  1114 | D:4      | Reached XP level 6. HP: 37/47 MP: 8/8
  1116 | D:4      | Reached skill level 5 in Dodging
  1205 | D:4      | Found a radiant altar of Vehumet.
  1250 | D:4      | Found an opulent altar of Gozag.
  1403 | D:4      | Paralysed by a hornet for 1 turns
  1404 | D:4      | HP: 1/47 [hornet (10)]
  1405 | D:4      | Succumbed to a hornet's poison

Illustrated notes

Levels and vault maps discovered:
D:1:      minmay_arrival_cross, layout_basic, serial_shops,
          nicolae_shop_rolled_up, nicolae_shop_window_shopping,
          nicolae_shop_hallway_plus
D:2:      layout_loops_ring, chequers_serial_rivers_small_3
D:4:      layout_rooms, lemuel_tele_altar, mainiacjoe_overflow_boulevard,
          grunt_gozag_statues, minmay_temple_entry_offerings,
          chequers_mini_garden, uniq_menkaure
D:5:      layout_rooms, makhleb_grotto_becter, evilmike_ruin_ashenzari,
          minmay_joined_circles
Temple:   nicolae_temple_superstar

Skill      XL: |  1  2  3  4  5  6 |
---------------+-------------------+-----
Short Blades   | 1 2 |  2.0
Long Blades    | 1 2 |  2.0
Axes           | 1 2 |  2.0
Maces & Flails | 1 2 |  2.0
Polearms       | 1 2 |  2.0
Staves         | 1 2 |  2.0
Ranged Weapons | 1 2 |  2.0
Throwing       | 1 2 |  2.0
Armour         | 1 2 |  2.0
Stealth        | 1 2 |  2.0
Shields        | 1 2 |  2.0
Spellcasting   | 1 2 |  2.0
Invocations    | 1 2 |  2.2
Evocations     | 1 2 |  2.0
Conjurations   | 1 |  1.6
Hexes          | 1 |  1.6
Summonings     | 1 |  1.6
Necromancy     | 1 |  1.6
Translocations | 1 |  1.6
Transmutations | 1 |  1.6
Fire Magic     | 1 |  1.6
Ice Magic      | 1 |  1.6
Air Magic      | 1 |  1.6
Earth Magic    | 1 |  1.6
Poison Magic   | 1 |  1.6
Fighting       | 3 |  3.3
Dodging        | 5 |  5.0
Unarmed Combat | |  6.8
Shapeshifting  | |  6.8

Action                     |  1- 3 |  4- 6 || total
---------------------------+-------+-------++-------
  Melee: Unarmed           |    50 |    15 ||    65
         Bite              |     2 |       ||     2
         Punch             |     1 |     2 ||     3
         War axe           |       |     9 ||     9
   Stab: Sleeping          |     3 |     1 ||     4
 Armour: Animal skin       |    14 |    13 ||    27
  Dodge: Dodged            |    37 |    11 ||    48

Table legend: (Time is in decaauts)
 A = Elapsed time spent in this place.
 B = Non-inter-level travel time spent in this place.
 C = Inter-level travel time spent in this place.
 D = Time resting spent in this place.
 E = Time spent auto-exploring this place.
 F = Levels seen in this place.
 G = Mean time per level.
                   A        B        C        D        E       F      G
               +--------+--------+--------+--------+--------+-----+--------+
         Total |   1401 |   1360 |     41 |      0 |   1058 |   5 |  280.2 |
       Dungeon |   1396 |   1355 |     41 |      0 |   1058 |   4 |  349.0 |
        Temple |      4 |      4 |      0 |      0 |      0 |   1 |    4.0 |
               +--------+--------+--------+--------+--------+-----+--------+

Top non-repeatable levels by time:
     D:1: 763 daAuts
     D:4: 465 daAuts
     D:2: 86 daAuts
     D:5: 80 daAuts
  Temple: 4 daAuts
